 Dungeon Crawl Stone Soup version 0.31-a0-232-gb1c03b2570 (webtiles) character file.

Game seed: 1727535828211527666

51 qw the Shooter (level 3, -3/29 HPs)
             Began as a Minotaur Hexslinger on July 7, 2023.
             Slain by a hobgoblin (5 damage)
             ... led by Robin
             ... on level 2 of the Dungeon.
             The game lasted 00:00:22 (1057 turns).

qw the Shooter (Minotaur Hexslinger)                Turns: 1057, Time: 00:00:23

Health: -3/29      AC:  6    Str: 12    XL:     3   Next: 57%
Magic:  3/3        EV: 11    Int: 10    God:
Gold:   48         SH:  0    Dex: 14    Spells: 3/4 levels left

rFire   . . .        Y - +1 sling
rCold   . . .        (no shield)
rNeg    . . .        d - +0 ring mail
rPois   .            (helmet restricted)
rElec   .            (no cloak)
rCorr   .            (no gloves)
SInv    .            h - +0 pair of boots
Will    +....        (no amulet)
Stlth   +            i - ring of willpower
HPRegen 0.24/turn    (no ring)
MPRegen 0.08/turn

%: no passive effects
@: no status effects
A: horns 2, retaliatory headbutt
a: no special abilities


You were on level 2 of the Dungeon.
You visited 1 branch of the dungeon, and saw 2 of its levels.

You collected 48 gold pieces.


Innate Abilities, Weirdness & Mutations

You have a pair of horns on your head.
You reflexively headbutt those who attack you in melee.


   Skills:
 - Level 2.0 Fighting
 - Level 4.1 Ranged Weapons
 + Level 0.2 Armour
 - Level 2.1 Dodging
 - Level 1.0 Spellcasting
 - Level 2.0 Hexes


You had 3 spell levels left.
You knew the following spells:

 Your Spells              Type           Power      Damage    Failure   Level
a - Slow                  Hex            16%        N/A       34%         1

Your spell library contained the following spells:

 Spells                   Type           Power      Damage    Failure   Level
 Inner Flame              Hex/Fire       2%         N/A       83%         3
 Portal Projectile        Hex/Tloc       4%         N/A       83%         3
 Cause Fear               Hex            2%         N/A       98%         4

Inventory:

Hand Weapons
 Y - a +1 sling (weapon)
Armour
 d - a +0 ring mail (worn)
 h - a +0 pair of boots (worn)
Jewellery
 i - a ring of willpower (left hand)
Potions
 e - a potion of resistance {unknown}
 j - a potion of degeneration {unknown}

Dungeon Overview and Level Annotations

Branches:
Dungeon (2/15)

Altars:


Message History

Robin points. "Kill!"
The goblin barely misses you. Robin hits you with a +0 club.
A goblin comes into view. It is wielding a +0 club.
The goblin hits you but does no damage. The goblin hits you with a +0 dagger.
You shoot a sling bullet.
The sling bullet hits Robin but does no damage.
Robin is heavily wounded.
The goblin hits you but does no damage. x2
You shoot a sling bullet. The sling bullet hits Robin.
Robin is severely wounded.
The goblin misses you. Robin completely misses you.
The goblin closely misses you.
You shoot a sling bullet. The sling bullet hits Robin.
You kill Robin!
The goblin hits you with a +0 dagger. x2
Your Ranged Weapons skill increases to level 4!
You shoot a sling bullet.
The sling bullet barely misses the goblin.
The goblin hits you but does no damage. The hobgoblin hits you.
The goblin hits you but does no damage.
A goblin comes into view. It is wielding a +0 club.
The goblin barely misses you. The goblin hits you but does no damage.
The hobgoblin hits you.
You shoot a sling bullet. The sling bullet hits the goblin.
You kill the goblin!
The goblin closely misses you.
You shoot a sling bullet. The sling bullet hits the hobgoblin.
The hobgoblin is heavily wounded.
The goblin no longer looks unusually strong.
The goblin hits you but does no damage. The hobgoblin closely misses you.
You furiously retaliate!
You headbutt the hobgoblin. The goblin closely misses you.
You furiously retaliate!
You headbutt the goblin!
You kill the goblin!
You shoot a sling bullet.
The sling bullet barely misses the hobgoblin.
The goblin hits you but does no damage.
The hobgoblin hits you but does no damage.
The goblin misses you. The goblin hits you but does no damage.
The hobgoblin hits you.
You die...

#.# ..#.#
#.#.# #.#.#
#.#.#
##.####.#.#
ggggg...#.#
########
#g#.#
.......###
#@g.#
######...#
##g.#
###.##
##..# #..#
#...# ##.##
##.#.# #..#
#..#.# ##.#
#.##.# #.#
#.##.#
#.####.##.#


You could see a hobgoblin (strong) and 2 goblins.

Vanquished Creatures
  Robin (D:2)
  2 dart slugs (D:1)
  2 ball pythons (D:1)
  4 endoplasms
  5 goblins
  7 hobgoblins
  2 quokkas (D:1)
  A bat (D:1)
  3 frilled lizards
  5 kobolds (D:1)
  2 rats (D:2)
34 creatures vanquished.

Notes
Turn   | Place    | Note
-------+----------+-------------------------------------------
     0 | D:1      | qw the Minotaur Hexslinger began the quest for the Orb.
     0 | D:1      | Reached XP level 1. HP: 16/16 MP: 1/1
     0 | D:1      | 0 ||| qw: Version: 0.3-a-46-gb1f654a
     0 | D:1      | 0 ||| qw: Game counter: 2939
     0 | D:1      | 0 ||| qw: Melee chars always use a shield: true
     0 | D:1      | 0 ||| qw: God list: Okawaru
     0 | D:1      | 0 ||| qw: Allow faded altars: false
     0 | D:1      | 0 ||| qw: Do Orc after clearing Dungeon:15 true
     0 | D:1      | 0 ||| qw: Do second Lair branch before Depths: true
     0 | D:1      | 0 ||| qw: Lair rune preference: random
     0 | D:1      | 0 ||| qw: Goals: Normal
     0 | D:1      | 0 ||| PLANNING D:1-11
   144 | D:1      | Reached skill level 3 in Ranged Weapons
   144 | D:1      | Reached XP level 2. HP: 23/23 MP: 2/2
   156 | D:1      | Found a faded altar of an unknown god.
   694 | D:1      | 694 ||| UPGRADING to +0 ring mail.
   704 | D:1      | 704 ||| DROPPING +0 robe.
   705 | D:1      | 705 ||| UPGRADING to +0 pair of boots.
   710 | D:1      | 710 ||| UPGRADING to ring of willpower.
   711 | D:1      | 711 ||| READING scroll labelled XOEFRU DOGHU.
   712 | D:1      | 712 ||| READING scroll labelled OQUSHR OTOU.
   713 | D:1      | 713 ||| DROPPING scroll of poison.
   796 | D:2      | Reached XP level 3. HP: 29/29 MP: 3/3
  1037 | D:2      | Noticed Robin
  1038 | D:2      | 1038 ||| Stepping ~*~*~tactically~*~*~ (outnumbered).
  1053 | D:2      | Killed Robin
  1054 | D:2      | Reached skill level 4 in Ranged Weapons
  1054 | D:2      | HP: 2/29 [hobgoblin[Robin] (6)]
  1057 | D:2      | Slain by a hobgoblin

Levels and vault maps discovered:
D:1:      ncdulo_lavacross, layout_loops_ring,
          hellmonk_ecumenical_altar_pennies_from_heaven
D:2:      minmay_door_path, layout_basic, serial_park_tiny_2,
          chequers_serial_rivers_room_b, uniq_robin

Skill      XL: |  1  2  3 |
---------------+----------+-----
Ranged Weapons | 3 4 |  4.1
Fighting       | 2 |  2.0
Armour         | |  0.2
Dodging        | |  2.1
Spellcasting   | |  1.0
Hexes          | |  2.0

Action                     || total
---------------------------++-------
   Fire: Sling             ||    94
    Use: Scroll            ||     2
 Armour: Robe              ||     1
         Ring mail         ||    18
  Dodge: Dodged            ||    23

Table legend:
 A = Non-vault XP
 B = Vault XP
 C = Vault XP percentage of total XP
 D = Non-vault monster count
 E = Vault monster count
 F = Vault count percentage of total count
                 A         B        C        D         E       F
            +---------+---------+-------+---------+---------+-------
      Total |      49 |      24 |  32.9 |      28 |       6 |  17.6
            +---------+---------+-------+---------+---------+-------
        D:1 |      40 |       0 |   0.0 |      22 |       0 |   0.0
        D:2 |       9 |      24 |  72.7 |       6 |       6 |  50.0
            +---------+---------+-------+---------+---------+-------
